 Dungeon Crawl Stone Soup version 0.23-b1-84-g6588a6b (webtiles) character file.

Game seed: 14315257904904743852

832 Flooderbenga the Chiller (level 7, -7/51 HPs)
             Began as a Gnoll Ice Elementalist on Feb 1, 2019.
             Mangled by an ogre
             ... wielding a +0 giant spiked club
              (33 damage)
             ... on level 5 of the Dungeon on Feb 7, 2019.
             The game lasted 00:27:26 (4596 turns).

Flooderbenga the Chiller (Gnoll Ice Elementalist)   Turns: 4596, Time: 00:27:27

Health: -7/51      AC:  8    Str: 10    XL:     7   Next: 98%
Magic:  2/15       EV: 15    Int: 19    God:
Gold:   309        SH:  0    Dex: 16    Spells: 3/17 levels left

rFire    . . .     SeeInvis .     - Unarmed
rCold    . . .     Gourm    .   (no shield)
rNeg     . . .     Faith    .   a - +0 robe
rPois    .         Spirit   .   (no helmet)
rElec    .         Reflect  .   (no cloak)
rCorr    .         Harm     .   (no gloves)
MR       .....                  (no boots)
Stlth    +++.......             (no amulet)
HPRegen  0.17/turn              (no ring)
MPRegen  0.14/turn              (no ring)

@: icy armour
A: distributed training, fangs 1, strong nose
a: no special abilities


You were on level 5 of the Dungeon.
You were not hungry.

You visited 1 branch of the dungeon, and saw 5 of its levels.
You also visited: Sewer.

You collected 309 gold pieces.

Inventory:

Hand Weapons
 h - a +0 short sword
 j - a +0 blowgun
 t - a +0 war axe
Missiles
 d - 40 poisoned needles
 e - 28 bolts
 g - 176 stones (quivered)
 i - 83 arrows
 A - 39 sling bullets
Armour
 a - a +0 robe (worn)
 u - a +0 leather armour
Jewellery
 s - an uncursed amulet of regeneration {unknown}
 w - a cursed ring of teleportation {unknown}
 y - an uncursed ring of see invisible {unknown}
Scrolls
 b - 3 scrolls of identify {unknown}
 f - a scroll of enchant weapon {unknown}
 k - 2 scrolls of amnesia {unknown}
 l - a scroll of fear {unknown}
 m - a scroll of random uselessness {unknown}
 v - 2 scrolls of fog {unknown}
 x - 2 scrolls of blinking {unknown}
 z - a scroll of teleportation {unknown}
 B - a scroll of magic mapping {unknown}
 D - a scroll of remove curse {unknown}
Potions
 o - a potion of might {unknown}
 p - a potion of mutation {unknown}
 q - 4 potions of curing {@q1}
 r - a potion of resistance {unknown}
 C - a potion of ambrosia {unknown}
Comestibles
 c - 5 rations


   Skills:
 + Level 2.7 Fighting
 + Level 2.7 Short Blades
 + Level 2.7 Long Blades
 + Level 2.7 Axes
 + Level 2.7 Maces & Flails
 + Level 2.7 Polearms
 + Level 2.7 Staves
 + Level 2.7 Slings
 + Level 2.7 Bows
 + Level 2.7 Crossbows
 + Level 2.7 Throwing
 + Level 2.7 Armour
 + Level 5.4 Dodging
 + Level 5.0 Stealth
 + Level 2.7 Shields
 + Level 2.7 Unarmed Combat
 + Level 5.7 Spellcasting
 + Level 3.1 Conjurations
 + Level 2.2 Hexes
 + Level 2.2 Charms
 + Level 2.2 Summonings
 + Level 2.2 Necromancy
 + Level 2.2 Translocations
 + Level 2.2 Transmutations
 + Level 2.2 Fire Magic
 + Level 5.9 Ice Magic
 + Level 2.2 Air Magic
 + Level 2.2 Earth Magic
 + Level 2.2 Poison Magic
 + Level 3.0 Invocations
 + Level 2.7 Evocations


You had 3 spell levels left.
You knew the following spells:

 Your Spells              Type           Power        Failure   Level  Hunger
a - Freeze                Ice            ####         1%          1    None
b - Throw Frost           Conj/Ice       ###...       2%          2    None
c - Ozocubu's Armour      Chrm/Ice       ###.....     6%          3    ##.....
d - Throw Icicle          Conj/Ice       ###.....     17%         4    ####...
e - Summon Ice Beast      Ice/Summ       ###.....     22%         4    ####...

Your spell library contained the following spells:

 Spells                   Type           Power        Failure   Level  Hunger


Dungeon Overview and Level Annotations

Branches:
Dungeon (5/15)
 Temple: D:4-7

Altars:
Ashenzari


Innate Abilities, Weirdness & Mutations

Your experience applies equally to all skills.
You have very sharp teeth.
Your uncanny sense of smell can sniff out nearby items.


Message History

You kill the centaur!
Your Invocations skill increases to level 3!
The orc wizard points at you and mumbles some strange words.
The puff of flame hits your ice beast!
Your ice beast melts!
The orc priest hits your ice beast. The ogre misses you.
Your ice beast hits the orc priest.
Your ice beast freezes the orc priest!
You now have 4/15 mp.
Aim: an ogre, wielding a +0 giant spiked club (severely wounded)
You freeze the ogre.
The orc priest begins to cast a cantrip, but forgets the words!
Your ice beast hits the orc priest.
Your ice beast freezes the orc priest!
The orc priest dies!
You now have 3/15 mp.
Aim: an ogre, wielding a +0 giant spiked club (severely wounded)
You freeze the ogre.
A scorpion comes into view.
The ogre hits you with a +0 giant spiked club!!
Ouch! That really hurt!
You die...

..s# .>.+ ∆O.# ..#
###.# #...#
#.##)O.##########.
#....@Y...........
#.....###o.o!......%
##### #...........
#...o.......
+..<........
#########... ## ∆


You could see an ogre, a scorpion, an orc wizard, 2 orcs and a friendly ice
beast.

Vanquished Creatures
  An ogre (D:4)
  A centaur (D:5)
  2 bullfrogs (Sewer)
  2 scorpions (D:4)
  2 bullfrog zombies (D:4)
  A centaur skeleton (D:4)
  A bullfrog skeleton (D:4)
  A worker ant (D:4)
  3 hound skeletons (D:4)
  9 adders
  An adder skeleton (D:4)
  4 worms
  3 dart slugs
  6 leopard geckos
  8 orcs
  9 giant cockroaches
  6 goblins
  5 hobgoblins
  2 quokkas
  2 ball pythons
  4 bats
  17 frilled lizards
  6 kobolds
  A quokka skeleton (D:4)
  A quokka zombie (D:4)
  5 rats
103 creatures vanquished.

Vanquished Creatures (collateral kills)
  A howler monkey (D:4)
  A centaur skeleton (D:4)
  An orc priest (D:5)
  A worker ant zombie (D:4)
  A howler monkey zombie (D:4)
  An adder skeleton (D:4)
  2 adder zombies (D:4)
8 creatures vanquished.

Grand Total: 111 creatures vanquished

Notes
Turn   | Place    | Note
-------+----------+-------------------------------------------
     0 | D:1      | Flooderbenga the Gnoll Ice Elementalist began the quest for
                  | the Orb.
     0 | D:1      | Reached XP level 1. HP: 13/13 MP: 6/6
   225 | D:1      | Reached XP level 2. HP: 19/19 MP: 5/7
   285 | D:1      | Learned a level 2 spell: Throw Frost
   639 | D:1      | Found a shattered altar of Ashenzari.
   849 | D:2      | Reached XP level 3. HP: 25/25 MP: 6/9
  1024 | D:2      | Reached skill level 5 in Spellcasting
  1259 | D:2      | Reached skill level 1 in Invocations
  1525 | D:2      | Reached skill level 1 in Fighting
  1525 | D:2      | Reached skill level 1 in Short Blades
  1525 | D:2      | Reached skill level 1 in Long Blades
  1525 | D:2      | Reached skill level 1 in Axes
  1525 | D:2      | Reached skill level 1 in Maces & Flails
  1525 | D:2      | Reached skill level 1 in Polearms
  1525 | D:2      | Reached skill level 1 in Staves
  1525 | D:2      | Reached skill level 1 in Slings
  1525 | D:2      | Reached skill level 1 in Bows
  1525 | D:2      | Reached skill level 1 in Crossbows
  1525 | D:2      | Reached skill level 1 in Throwing
  1525 | D:2      | Reached skill level 1 in Armour
  1525 | D:2      | Reached skill level 1 in Shields
  1525 | D:2      | Reached skill level 1 in Unarmed Combat
  1525 | D:2      | Reached skill level 1 in Evocations
  1525 | D:2      | Reached XP level 4. HP: 32/32 MP: 6/11
  1759 | D:2      | Learned a level 3 spell: Ozocubu's Armour
  2266 | D:3      | Reached skill level 1 in Hexes
  2266 | D:3      | Reached skill level 1 in Charms
  2266 | D:3      | Reached skill level 1 in Summonings
  2266 | D:3      | Reached skill level 1 in Necromancy
  2266 | D:3      | Reached skill level 1 in Translocations
  2266 | D:3      | Reached skill level 1 in Transmutations
  2266 | D:3      | Reached skill level 1 in Fire Magic
  2266 | D:3      | Reached skill level 1 in Air Magic
  2266 | D:3      | Reached skill level 1 in Earth Magic
  2266 | D:3      | Reached skill level 1 in Poison Magic
  2472 | D:3      | Learned a level 4 spell: Throw Icicle
  2564 | D:3      | Found a glowing drain.
  2583 | Sewer    | Entered a sewer
  2619 | Sewer    | Upgraded the game from 0.23-b1-6-ga921848 to
                  | 0.23-b1-84-g6588a6b
  2625 | Sewer    | Reached XP level 5. HP: 33/37 MP: 8/12
  2860 | Sewer    | Reached XP level 6. HP: 37/44 MP: 5/14
  3502 | D:4      | Reached skill level 5 in Dodging
  3531 | D:4      | Learned a level 4 spell: Summon Ice Beast
  3601 | D:4      | Reached XP level 7. HP: 50/50 MP: 6/15
  4108 | D:4      | Reached skill level 5 in Stealth
  4577 | D:5      | Entered Level 5 of the Dungeon
  4590 | D:5      | HP: 2/51 [centaur (2)]
  4596 | D:5      | Mangled by an ogre

Skill      XL: |  1  2  3  4  5  6  7 |
---------------+----------------------+-----
Conjurations   | 2 3 |  3.1
Spellcasting   | 5 |  5.7
Invocations    | 1 2 3 |  3.0
Fighting       | 1 2 |  2.7
Short Blades   | 1 2 |  2.7
Long Blades    | 1 2 |  2.7
Axes           | 1 2 |  2.7
Maces & Flails | 1 2 |  2.7
Polearms       | 1 2 |  2.7
Staves         | 1 2 |  2.7
Slings         | 1 2 |  2.7
Bows           | 1 2 |  2.7
Crossbows      | 1 2 |  2.7
Throwing       | 1 2 |  2.7
Armour         | 1 2 |  2.7
Shields        | 1 2 |  2.7
Unarmed Combat | 1 2 |  2.7
Evocations     | 1 2 |  2.7
Hexes          | 1 2 |  2.2
Charms         | 1 2 |  2.2
Summonings     | 1 2 |  2.2
Necromancy     | 1 2 |  2.2
Translocations | 1 2 |  2.2
Transmutations | 1 2 |  2.2
Fire Magic     | 1 2 |  2.2
Air Magic      | 1 2 |  2.2
Earth Magic    | 1 2 |  2.2
Poison Magic   | 1 2 |  2.2
Dodging        | 5 |  5.4
Stealth        | 5 |  5.0
Ice Magic      | |  5.9

Action                   |  1- 3 |  4- 6 |  7- 9 || total
-------------------------+-------+-------+-------++-------
Melee: Unarmed           |     9 |    35 |   113 ||   157
       Bite              |       |     3 |    19 ||    22
       Punch             |       |       |     4 ||     4
 Cast: Freeze            |    35 |    92 |    22 ||   149
       Throw Frost       |     9 |    12 |       ||    21
       Ozocubu's Armour  |       |     3 |     5 ||     8
       Summon Ice Beast  |       |       |     7 ||     7
  Use: Potion            |       |       |     2 ||     2
 Stab: Sleeping          |     3 |       |     1 ||     4
  Eat: Chunk             |     2 |     6 |       ||     8
       Ration            |       |       |     2 ||     2
Armor: Robe              |     7 |     7 |    14 ||    28
Dodge: Dodged            |    18 |    66 |   105 ||   189
